 Dungeon Crawl Stone Soup version 0.25-a0-479-g8579842fd4 (webtiles) character file.

Game seed: 14248917464727981911, levelgen mode: deterministic

336186 DerDa the Earth Mage (level 21, -12/126 HPs)
             Began as a Gargoyle Earth Elementalist on Jan 31, 2020.
             Was a High Priest of Sif Muna.
             Blown up by Boris (60 damage)
             ... with a wavering orb of destruction
             ... on level 2 of the Vaults on Feb 9, 2020.
             The game lasted 04:17:55 (49086 turns).

DerDa the Earth Mage (Gargoyle Earth Elementalist) Turns: 49086, Time: 04:17:55

Health: -12/126    AC: 29    Str: 13    XL:     21   Next: 88%
Magic:  12/51      EV: 18    Int: 32    God:    Sif Muna [*****.]
Gold:   2165       SH: 13    Dex: 16    Spells: 3/54 levels left

rFire    . . .     SeeInvis +   V - +11 war axe of Moral Flaws {vorpal, +Blink Dex+6}
rCold    + + +     Gourm    .   B - +2 buckler {rC+}
rNeg     + . .     Faith    .   Z - +2 leather armour {MR+}
rPois    ∞         Spirit   .   P - +2 helmet {SInv}
rElec    +         Reflect  +   I - scarf {cloud immunity}
rCorr    .         Harm     .   R - +1 pair of gloves {archery}
MR       +++..                  S - +2 pair of boots
Stlth    ++........             v - +6 amulet of reflection
HPRegen  0.31/turn              s - ring of wizardry
MPRegen  0.32/turn              J - ring of Kigeboj {rC++ MR+ MP+9 Int+7}

@: studying Maces & Flails
A: big wings, negative energy resistance 1, electricity resistance, unbreathing,
petrification resistance, rot immunity, AC +16
}: 2/15 runes: serpentine, barnacled
a: Fly, Channel Magic, Forget Spell, Divine Exegesis, Renounce Religion, Evoke
Blink


You were on level 2 of the Vaults.
You worshipped Sif Muna.
Sif Muna was extremely pleased with you.
You were very hungry.

You visited 8 branches of the dungeon, and saw 37 of its levels.
You also visited: Ice Cave.

You collected 4074 gold pieces.
You spent 1909 gold pieces at shops.

Inventory:

Hand Weapons
 h - the +4 dagger "Morg" {pain, MR+ Int+5}
   (You found it on level 6 of the Lair of Beasts)

   In the hands of one skilled in necromantic magic, it inflicts extra damage on
   living creatures.
   It affects your intelligence (+5).
   It affects your resistance to hostile enchantments.
 V - the +11 war axe of Moral Flaws (weapon) {vorpal, +Blink Dex+6}
   (You found it on level 6 of the Lair of Beasts)

   It inflicts extra damage upon your enemies.
   It affects your dexterity (+6).
   It lets you blink.
Missiles
 b - 686 stones (quivered)
Armour
 r - a +1 leather armour of fire resistance
 B - a +2 buckler of cold resistance (worn)
 I - a scarf of cloud immunity (worn)
 P - a +2 helmet of see invisible (worn)
 R - a +1 pair of gloves of archery (worn)
 S - a +2 pair of boots (worn)
 T - the +4 ring mail "Olahaxt" {rF++ Str+3}
   (You found it on level 3 of the Elven Halls)

   It affects your strength (+3).
   It greatly protects you from fire.
   If you switch to wearing this armour, your AC will rise 4 points (29 -> 33)
 Z - a +2 leather armour of magic resistance (worn)
Magical Staves
 C - an uncursed staff of wizardry
 K - an uncursed staff of energy
Jewellery
 s - a ring of wizardry (left hand)
 v - a +6 amulet of reflection (around neck)
 J - the ring of Kigeboj (right hand) {rC++ MR+ MP+9 Int+7}
   (You bought it in a shop on level 3 of the Elven Halls)

   [ring of protection from magic]

   It affects your intelligence (+7).
   It greatly protects you from cold.
   It affects your resistance to hostile enchantments.
   It affects your magic capacity (+9).
Wands
 i - a wand of disintegration (16)
 k - a wand of polymorph (9)
 A - a wand of digging (10)
 E - a wand of acid (15)
 N - a wand of enslavement (10)
Scrolls
 a - 12 scrolls of remove curse
 c - 16 scrolls of teleportation
 m - a scroll of enchant armour
 o - 2 scrolls of holy word
 p - 8 scrolls of fog
 q - 9 scrolls of magic mapping
 y - 3 scrolls of immolation
 D - 2 scrolls of enchant weapon
 F - 4 scrolls of identify
 O - 8 scrolls of fear
 X - 2 scrolls of summoning
 Y - 3 scrolls of blinking
Potions
 f - 4 potions of invisibility
 j - 5 potions of magic
 n - 2 potions of cancellation
 t - 22 potions of curing
 u - 7 potions of mutation
 w - 4 potions of might
 x - 5 potions of heal wounds
 z - 5 potions of brilliance
 G - 4 potions of ambrosia
 H - 16 potions of agility
 L - 2 potions of resistance
 W - 7 potions of haste
Books
 M - a manual of Maces & Flails
Miscellaneous
 e - a lightning rod (4/4)
 l - a phantom mirror
 Q - a fan of gales
Comestibles
 d - 53 rations


   Skills:
 - Level 11.7 Fighting
 - Level 9.4 Dodging
 - Level 2.1 Stealth
 - Level 4.0 Shields
 * Level 17.4 Spellcasting
 + Level 18.0 Conjurations
 - Level 0.7 Transmutations
 + Level 12.5 Ice Magic
 - Level 6.0 Air Magic
 * Level 19.6 Earth Magic
 - Level 11.7 Invocations
 + Level 2.7 Evocations


You had 3 spell levels left.
You knew the following spells:

 Your Spells              Type           Power        Failure   Level  Hunger
a - Sandblast             Erth           ######       0%          1    None
b - Iron Shot             Conj/Erth      #######...   1%          6    None
c - Petrify               Tmut/Erth      #######.     1%          4    None
d - Lee's Rapid Deconstr  Erth           ########..   0%          5    None
e - Freezing Cloud        Conj/Ice/Air   #######...   1%          6    None
f - Lehudib's Crystal Sp  Conj/Erth      #######...   2%          8    #####..
g - Borgnjor's Vile Clut  Necr/Erth      ######....   1%          5    None
h - Irradiate             Conj/Tmut      ######....   1%          5    None
i - Shatter               Erth           ########..   22%         9    #######
w - Passwall              Tmut/Erth      #######.     1%          2    None

Your spell library contained the following spells:

 Spells                   Type           Power        Failure   Level  Hunger
 Freeze                   Ice            ####         0%          1    None
 Magic Dart               Conj           ####         0%          1    None
 Shock                    Conj/Air       ####         0%          1    None
 Searing Ray              Conj           ######       0%          2    None
 Stone Arrow              Conj/Erth      ######       0%          3    None
 Animate Skeleton         Necr           N/A          1%          1    None
 Apportation              Tloc           ####..       1%          1    None
 Beastly Appendage        Tmut           ####..       1%          1    None
 Corona                   Hex            ####...      1%          1    None
 Infusion                 Chrm           ####         1%          1    None
 Pain                     Necr           ####         1%          1    None
 Sting                    Tmut/Pois      ####         1%          1    None
 Summon Butterflies       Summ           ####....     1%          1    None
 Summon Small Mammal      Summ           ####         1%          1    None
 Call Imp                 Summ           ####....     1%          2    None
 Corpse Rot               Necr/Air       N/A          1%          2    None
 Ensorcelled Hibernation  Hex/Ice        ######       1%          2    None
 Poisonous Vapours        Pois/Air       #####.       1%          2    None
 Sticks to Snakes         Tmut           ####....     1%          2    None
 Swiftness                Chrm/Air       #####...     1%          2    None
 Conjure Flame            Conj/Fire      ######..     1%          3    None
 Dazzling Flash           Conj/Hex       ######       1%          3    None
 Mephitic Cloud           Conj/Pois/Air  ######..     1%          3    None
 Ozocubu's Armour         Chrm/Ice       ######..     1%          3    None
 Spider Form              Tmut/Pois      ####......   1%          3    None
 Static Discharge         Conj/Air       #######.     1%          3    None
 Call Canine Familiar     Summ           ####....     2%          3    None
 Confusing Touch          Hex            ####....     2%          3    None
 Inner Flame              Hex/Fire       ####....     2%          3    None
 Lesser Beckoning         Tloc           ####......   2%          3    None
 Summon Guardian Golem    Hex/Summ       ####....     2%          3    None
 Tukima's Dance           Hex            ####....     2%          3    None
 Airstrike                Air            ######....   1%          4    None
 Fulminant Prism          Conj/Hex       ######....   1%          4    None
 Hailstorm                Conj/Ice       #######.     1%          4    None
 Ice Form                 Ice/Tmut       ######..     1%          4    None
 Iskenderun's Mystic Bla  Conj/Tloc      ######..     1%          4    None
 Leda's Liquefaction      Hex/Erth       ######....   1%          4    None
 Sticky Flame             Conj/Fire      ######..     1%          4    None
 Summon Ice Beast         Ice/Summ       ######..     1%          4    None
 Bolt of Magma            Conj/Fire/Erth #######...   1%          5    None
 Fireball                 Conj/Fire      ######....   1%          5    None
 Iskenderun's Battlesphe  Conj/Chrm      ######..     1%          5    None
 Lightning Bolt           Conj/Air       #######...   1%          5    None
 Metabolic Englaciation   Hex/Ice        ######....   1%          5    None
 Conjure Ball Lightning   Conj/Air       #######...   1%          6    None
 Ozocubu's Refrigeration  Ice            #######...   1%          6    None
 Orb of Destruction       Conj           #######...   1%          7    ####...
 Summon Lightning Spire   Summ/Air       #####...     2%          4    None
 Silence                  Hex/Air        #####.....   6%          5    None
 Dispel Undead            Necr           ####....     8%          4    None
 Olgreb's Toxic Radiance  Pois           ####....     8%          4    None
 Simulacrum               Ice/Necr       ######....   9%          6    None
 Blade Hands              Tmut           ####......   16%         5    None
 Spellforged Servitor     Conj/Summ      ######....   16%         7    ####...
 Alistair's Intoxication  Tmut/Pois      ####....     17%         5    None
 Yara's Violent Unravell  Hex/Tmut       ####......   17%         5    None
 Agony                    Necr           ####....     21%         5    None
 Aura of Abjuration       Summ           ####......   21%         5    None
 Excruciating Wounds      Chrm/Necr      ####......   21%         5    None
 Summon Forest            Summ/Tloc      ####......   21%         5    None
 Summon Mana Viper        Hex/Summ       ####....     21%         5    None
 Chain Lightning          Conj/Air       #######...   32%         8    #####..
 Hydra Form               Tmut           ####......   58%         6    None
 Eringya's Noxious Bog    Tmut/Pois      ####......   65%         6    None
 Invisibility             Hex            ####....     69%         6    None
 Glaciate                 Conj/Ice       #######...   77%         9    #######
 Dragon Form              Tmut           ####......   98%         7    ####...
 Haunt                    Necr/Summ      ####......   99%         7    ####...
 Malign Gateway           Summ/Tloc      ####......   99%         7    ####...
 Ring of Flames           Chrm/Fire      ####......   99%         7    ####...
 Summon Hydra             Summ           ####......   99%         7    ####...
 Controlled Blink         Tloc           N/A          100%        8    #####..
 Death's Door             Chrm/Necr      ####......   100%        8    #####..
 Disjunction              Tloc           ####......   100%        8    #####..
 Ignition                 Fire           ####......   100%        8    #####..
 Necromutation            Tmut/Necr      ####......   100%        8    #####..
 Dragon's Call            Summ           ####......   100%        9    #######
 Fire Storm               Conj/Fire      ######....   100%        9    #######
 Tornado                  Air            ######....   100%        9    #######
 Statue Form              Tmut/Erth      Unusable     N/A         6    N/A

Dungeon Overview and Level Annotations

Branches:
Dungeon (15/15)            Temple (1/1) D:6            Lair (6/6) D:8
 Shoals (4/4) Lair:3        Snake (4/4) Lair:3        Slime (0/5) Lair:6
    Orc (2/2) D:11            Elf (3/3) Orc:2        Vaults (2/5) D:13
 Depths (0/5) D:15          IceCv (visited)
  Crypt: Vaults:2-3

Altars:
Ashenzari
Cheibriados
Dithmenos
Elyvilon
Fedhas
Gozag
Hepliaklqana
Kikubaaqudgha
Makhleb
Nemelex Xobeh
Okawaru
Qazlal
Ru
Sif Muna
Trog
Uskayaw
Vehumet
Wu Jian
Xom
Yredelemnul
Zin
The Shining One
Beogh

Shops:
D:9 (   D:11 [   D:14 %   Orc:2 %*:[   Elf:3 =   Shoals:1 *   Shoals:2 (

Portals:
Pandemonium: Orc:2


Innate Abilities, Weirdness & Mutations

You are resistant to torment.
Your stone body is resilient. (AC +16)
You are immune to poison.
Your large and strong wings let you fly indefinitely.
You resist negative energy. (rN+)
You are resistant to electric shocks. (rElec)
You can survive without breathing.
You are immune to petrification.
You are immune to rotting.


Message History

Aim: Boris, wearing a +2 robe of fire resistance (freezing vapour, heavily damaged)
The crystal spear hits Boris!!!
Boris is almost destroyed.
You are feeling very hungry.
The orb of destruction hits you!!!!
Ouch! That really hurt!
Boris is engulfed in freezing vapours.
Boris conjures an orb of pure magic.
An orb of destruction comes into view.
Casting: Lehudib's Crystal Spear (safe; 2% risk of failure)
Confirm with . or Enter, or press ? or * to list all spells.
Aiming: Lehudib's Crystal Spear (safe; 2% risk of failure)
Press: ? - help, Shift-Dir - straight line, f/p - Boris
Aim: Boris, wearing a +2 robe of fire resistance (freezing vapour, almost destroyed)
The crystal spear hits Boris!!!
You destroy Boris!
Sif Muna accepts your kill.
Boris says, "You cannot defeat me so easily!"
The wavering orb of destruction hits you!!!
You die...

####################
....................
....................
....................
........####+######
####....#......#
#....#..[...#
#....#.§<...#
#....#.@§§..#
#....#.§§§..+
#....#.§§§..#
#....#.§§§§.#
#....#..§§§.#
#....#..§§§.#
#....###)#)##
#.......(.[.#
#......(...*############


There were no monsters in sight!

Vanquished Creatures
  Boris (Vaults:2)
  Asterion (Snake:1)
  Rupert (D:15)
  An Ice Fiend (IceCv)
  Polyphemus (Shoals:2)
  3 deep elf blademasters
  A sphinx (Vaults:1)
  A deep elf master archer (Elf:3)
  Frances (D:14)
  11 nagarajas
  Agnes (Snake:4)
  Roxanne (D:15)
  The ghost of Uttokecs the Scorcher, a journeyman DrFE of Hepliaklqana (Shoals:1)
  6 deep elf sorcerers
  4 vault wardens
  An ironheart preserver (D:13)
  5 deep elf elementalists (Elf:3)
  3 deep elf demonologists
  A very ugly thing (Vaults:1)
  A large abomination (Elf:3)
  13 deep elf annihilators
  An ettin (D:14)
  6 dire elephants (Lair:6)
  10 merfolk impalers
  6 merfolk javelineers
  5 deep elf death magi
  The ghost of Nuhysch the Geomancer, a journeyman GrEE of Vehumet (D:14)
  4 deep elf high priests
  2 yaktaur captains (Vaults:1)
  A great orb of eyes (Vaults:1)
  21 naga warriors
  7 hydras
  A rakshasa (Vaults:1)
  4 anacondas
  2 catoblepae
  The ghost of Cuollip the Grappler, a journeyman VSTm of Kikubaaqudgha (Lair:4)
  An ice dragon (Vaults:1)
  8 centaur warriors
  An alligator snapping turtle (Shoals:3)
  5 merfolk avatars
  3 satyrs
  3 death yaks (Shoals:2)
  2 ogre magi (Vaults:1)
  10 two-headed ogres
  22 dancing weapons
  4 tengu warriors
  6 orc high priests
  3 small abominations (Elf:3)
  13 naga sharpshooters
  3 shock serpents
  21 deep elf knights
  A fire crab (shapeshifter) (Vaults:1)
  2 fire crabs (Shoals:1)
  3 skeletal warriors (Vaults:2)
  A sixfirhy (Orc:2)
  A salamander mystic (Snake:4)
  2 gelid demonspawn (Orc:2)
  A wizard (Vaults:2)
  6 unseen horrors
  20 sea snakes
  A kraken simulacrum (Shoals:4)
  7 naga ritualists
  2 infernal demonspawn (Orc:2)
  10 deep elf archers
  3 ironbrand convokers
  12 orc knights
  4 lindwurms (Lair:6)
  10 harpies
  9 mana vipers
  57 deep elf magi
  10 fauns
  7 orc sorcerers
  3 wolf spiders
  A wolf spider zombie (D:13)
  A salamander (shapeshifter) (Vaults:2)
  21 manticores
  2 moths of wrath (D:14)
  23 ugly things
  9 cyclopes
  3 ice statues (IceCv)
  8 merfolk sirens
  5 salamanders
  17 naga magi
  A rust devil (Orc:2)
  4 elephants (Lair:6)
  5 vault sentinels
  An orange demon (Orc:2)
  A black mamba (shapeshifter) (Vaults:1)
  6 guardian serpents (Snake:4)
  17 spiny frogs
  2 gargoyles
  8 water nymphs
  32 black mambas
  A centaur skeleton (D:14)
  The ghost of BeastOfSaturn the Cutter, a novice DsWr of Dithmenos (D:4)
  The ghost of hydraslayer the Summoner, a novice FeSu of Vehumet (D:9)
  10 yaktaurs
  A rime drake (shapeshifter) (Vaults:2)
  5 komodo dragons
  A redback zombie (D:14)
  A freezing wraith (D:14)
  9 ice devils
  59 merfolk
  A hellwing (Orc:2)
  7 trolls
  2 polar bears
  A queen bee (D:11)
  A troll (shapeshifter) (D:13)
  A merfolk (shapeshifter) (Vaults:1)
  A queen bee (shapeshifter) (D:14)
  A blink frog (shapeshifter) (Elf:3)
  2 hornets
  8 snapping turtles
  7 wind drakes
  A frost giant simulacrum (Vaults:2)
  14 hippogriffs
  17 dream sheep
  14 blink frogs
  A raiju (shapeshifter) (Vaults:1)
  19 slime creatures
  2 spriggans (D:9)
  3 shadows
  11 water elementals
  A redback (shapeshifter) (Elf:2)
  24 yaks
  3 dire elephant simulacra (IceCv)
  Sigmund (D:6)
  A human (D:12)
  2 wraiths
  2 fire elementals
  A spriggan (shapeshifter) (D:15)
  7 wyverns
  4 basilisks
  2 fire bats (Shoals:1)
  Grum (D:8)
  A hungry ghost (D:13)
  A chaos spawn (Orc:2)
  5 vampire mosquitoes
  A warg (D:11)
  58 nagas
  Edmund (D:6)
  2 harpy simulacra (IceCv)
  A soldier ant (D:14)
  3 iron troll simulacra (IceCv)
  An acid dragon (Vaults:1)
  2 hydra simulacra (IceCv)
  12 porcupines
  40 orc warriors
  A meliai simulacrum (D:15)
  12 water moccasins
  6 sky beasts
  2 eyes of draining
  A hornet zombie (D:14)
  2 ice beasts
  3 necrophages
  18 ogres
  6 black bears
  10 boggarts
  4 phantoms
  14 wolves
  22 centaurs
  12 crocodiles
  2 big kobolds
  14 bullfrogs
  A gnoll sergeant (D:5)
  2 earth elementals (Elf:1)
  5 scorpions
  A water moccasin skeleton (D:6)
  30 killer bees (D:11)
  10 wights
  9 howler monkeys
  6 crimson imps
  2 quasits
  3 centaur zombies
  18 jellies
  28 orc priests
  7 hounds
  A bullfrog skeleton (D:9)
  4 iguanas
  7 worker ants
  18 orc wizards
  A hound skeleton (D:10)
  A worker ant zombie (D:4)
  5 gnolls (D:5)
  19 adders
  An adder (shapeshifter) (D:14)
  2 shadow imps
  2 oozes
  2 adder skeletons (D:4)
  3 dart slugs
  4 leopard geckos
  77 orcs
  7 bats
  3 giant cockroaches
  6 goblins
  7 hobgoblins
  11 jackals
  5 quokkas
  A ball python (D:1)
  7 frilled lizards
  20 kobolds
  A quokka zombie (D:5)
  10 rats
  3 crawling corpses (Elf:3)
  25 plants
1459 creatures vanquished.

Vanquished Creatures (others)
  A deep elf master archer (Elf:3)
  3 naga sharpshooters
  A shadow wraith (Vaults:2)
  3 deep elf archers
  2 deep elf magi
  A faun (Shoals:2)
  A manticore (D:14)
  A naga mage (Snake:1)
  5 yaktaurs
  2 merfolk
  A vampire (D:14)
  An orc warrior (Orc:2)
  3 centaurs
  A bush (Lair:4)
  10 fungi
  35 plants
  4 tentacles (Shoals:4)
75 creatures vanquished.

Grand Total: 1534 creatures vanquished

Notes
Turn   | Place    | Note
-------+----------+-------------------------------------------
     0 | D:1      | DerDa the Gargoyle Earth Elementalist began the quest for
                  | the Orb.
     0 | D:1      | Reached XP level 1. HP: 10/10 MP: 3/3
   149 | D:1      | Reached XP level 2. HP: 8/15 MP: 3/5
   202 | D:1      | Reached skill level 4 in Earth Magic
   847 | D:2      | Reached XP level 3. HP: 19/19 MP: 6/6
  1004 | D:2      | Reached XP level 4. HP: 19/24 MP: 5/8
  1065 | D:2      | Found a snail-covered altar of Cheibriados.
  1082 | D:2      | Reached skill level 5 in Earth Magic
  1689 | D:3      | Reached XP level 5. HP: 28/28 MP: 10/10
  1729 | D:3      | Learned a level 3 spell: Stone Arrow
  1734 | D:3      | Learned a level 4 spell: Petrify
  1742 | D:3      | Learned a level 2 spell: Passwall
  1805 | D:3      | Found a glowing silver altar of Zin.
  1806 | D:3      | Found a white marble altar of Elyvilon.
  1807 | D:3      | Found a glowing golden altar of the Shining One.
  2508 | D:3      | Reached skill level 1 in Conjurations
  2508 | D:3      | Reached skill level 6 in Earth Magic
  2508 | D:3      | Reached XP level 6. HP: 17/32 MP: 5/12
  3332 | D:4      | Reached XP level 7. HP: 36/36 MP: 0/14
  3461 | D:4      | Learned a level 5 spell: Lee's Rapid Deconstruction
  3547 | D:4      | Found a runed translucent gate.
  3547 | D:4      | Found a runed translucent gate.
  3547 | D:4      | Found a runed translucent gate.
  3547 | D:4      | Noticed BeastOfSaturn's ghost (novice DsWr)
  3709 | D:4      | Reached skill level 5 in Spellcasting
  3709 | D:4      | Reached skill level 7 in Earth Magic
  3828 | D:5      | Entered Level 5 of the Dungeon
  4157 | D:5      | Found a stormy altar of Qazlal.
  4190 | D:5      | Reached XP level 8. HP: 39/41 MP: 4/16
  4192 | D:5      | Reached skill level 8 in Earth Magic
  4415 | D:5      | Found a shimmering altar of Xom.
  4866 | D:6      | Noticed Sigmund
  4868 | D:6      | Killed Sigmund
  4869 | D:6      | Noticed Edmund
  4887 | D:6      | Killed Edmund
  5262 | D:6      | Reached skill level 9 in Earth Magic
  5264 | D:6      | Found a staircase to the Ecumenical Temple.
  5271 | Temple   | Entered the Ecumenical Temple
  5938 | D:7      | Reached XP level 9. HP: 45/45 MP: 6/19
  6107 | D:7      | Found a sparkling altar of Nemelex Xobeh.
  6109 | D:7      | Found an iron altar of Okawaru.
  6116 | D:7      | Found a basalt altar of Yredelemnul.
  6122 | D:7      | Identified Viposti's Incunabulum of Good Luck and the
                  | Snowflakes
  6380 | D:7      | Found a shimmering blue altar of Sif Muna.
  6399 | D:7      | Became a worshipper of Sif Muna the Loreminder
  6481 | D:7      | Found a burning altar of Makhleb.
  6693 | D:4      | Killed BeastOfSaturn's ghost
  6693 | D:4      | Reached skill level 5 in Conjurations
  6693 | D:4      | Reached skill level 10 in Earth Magic
  7104 | D:8      | Reached skill level 11 in Earth Magic
  7104 | D:8      | Reached XP level 10. HP: 50/50 MP: 0/22
  7128 | D:8      | Reached skill level 1 in Shields
  7401 | D:8      | Found a staircase to the Lair.
  7497 | D:8      | Noticed Grum
  7508 | D:7      | Reached * piety under Sif Muna
  7613 | D:8      | Killed Grum
  7892 | D:8      | Found an ancient bone altar of Kikubaaqudgha.
  8405 | D:9      | Reached skill level 12 in Earth Magic
  8595 | D:9      | Reached ** piety under Sif Muna
  8705 | D:9      | Reached XP level 11. HP: 50/54 MP: 16/24
  8754 | D:9      | Found a runed translucent door.
  8754 | D:9      | Identified the +10 spear of Prudence {antimagic, rElec MR+
                  | Dex-4}
  8755 | D:9      | Noticed hydraslayer's ghost (novice FeSu)
  8837 | D:9      | Found Wyfehom's Antique Weapon Shoppe.
  8840 | D:9      | Bought a pitted broad axe for 261 gold pieces
  9292 | D:10     | Entered Level 10 of the Dungeon
  9981 | D:11     | Found a staircase to the Orcish Mines.
 10065 | D:11     | Reached skill level 10 in Spellcasting
 10499 | D:11     | Found Qakaikh's Antique Armour Shop.
 10503 | D:11     | Bought a pair of glowing boots for 217 gold pieces
 10547 | D:11     | Reached skill level 13 in Earth Magic
 10547 | D:11     | Reached *** piety under Sif Muna
 11056 | D:9      | Killed hydraslayer's ghost
 11062 | D:9      | HP: 2/54 [polar bear (14)]
 11403 | D:12     | Noticed a green ugly thing
 11418 | D:12     | Killed a green ugly thing
 11623 | D:12     | Noticed a deep elf mage
 11632 | D:12     | Killed a deep elf mage
 11726 | D:12     | Reached **** piety under Sif Muna
 11836 | D:12     | Noticed a deep elf mage
 11839 | D:12     | Killed a deep elf mage
 11999 | D:12     | Reached skill level 14 in Earth Magic
 11999 | D:12     | Reached XP level 12. HP: 59/59 MP: 22/27
 12204 | Lair:1   | Entered Level 1 of the Lair of Beasts
 12429 | Lair:1   | Learned a level 6 spell: Freezing Cloud
 12727 | Lair:1   | Reached skill level 1 in Fighting
 12727 | Lair:1   | Reached skill level 1 in Invocations
 12734 | Lair:1   | Reached skill level 1 in Ice Magic
 13215 | Lair:2   | Noticed a six-headed hydra
 13311 | Lair:2   | Killed a six-headed hydra
 13427 | Lair:2   | Reached ***** piety under Sif Muna
 13566 | Lair:2   | Identified Gapnacim's Almanac of the Lethal Escort (Sif
                  | Muna gifted it to you on level 2 of the Lair of Beasts)
 13566 | Lair:2   | Received a gift from Sif Muna
 13579 | Lair:2   | Learned a level 8 spell: Lehudib's Crystal Spear
 14073 | Lair:3   | Found a staircase to the Snake Pit.
 14455 | Lair:3   | Found a staircase to the Shoals.
 14602 | Lair:3   | Reached skill level 10 in Conjurations
 14970 | Lair:3   | Reached XP level 13. HP: 45/68 MP: 24/28
 15213 | Lair:3   | Reached skill level 15 in Earth Magic
 15600 | Lair:3   | Identified the +3 broad axe of Inflation {freeze, rElec}
                  | (You bought it in a shop on level 9 of the Dungeon)
 15790 | Lair:4   | Found a shadowy altar of Dithmenos.
 16082 | Lair:4   | Found a runed translucent gate.
 16082 | Lair:4   | Found a runed translucent gate.
 16082 | Lair:4   | Found a runed translucent gate.
 16084 | Lair:4   | Noticed Cuollip's ghost (journeyman VSTm)
 17493 | Lair:6   | Entered Level 6 of the Lair of Beasts
 17717 | Lair:6   | Identified Sif Muna's Handbook of the Compass and
                  | Conjuration (Sif Muna gifted it to you on level 6 of the
                  | Lair of Beasts)
 17717 | Lair:6   | Received a gift from Sif Muna
 18105 | Lair:6   | Found a staircase to the Slime Pits.
 18706 | Lair:6   | Gained mutation: Your large and strong wings let you fly
                  | indefinitely. [Gargoyle growth]
 18706 | Lair:6   | Reached XP level 14. HP: 76/76 MP: 7/30
 19076 | Lair:6   | Identified Cexoraps's Papyrus of Burning Contamination
 19095 | Lair:6   | Got an encrusted war axe
 19268 | Lair:6   | Identified the +11 war axe of Moral Flaws {vorpal, +Blink
                  | Dex+6} (You found it on level 6 of the Lair of Beasts)
 19400 | Lair:6   | Found the +4 dagger "Morg" {pain, MR+ Int+5}
 19478 | Lair:6   | Noticed a dire elephant
 19502 | Lair:6   | Killed a dire elephant
 19502 | Lair:6   | Reached skill level 5 in Fighting
 19502 | Lair:6   | Reached skill level 5 in Invocations
 19856 | Lair:6   | Noticed a dire elephant
 19888 | Lair:6   | Killed a dire elephant
 19891 | Lair:6   | Noticed a dire elephant
 19898 | Lair:6   | Noticed a dire elephant
 19910 | Lair:6   | Killed a dire elephant
 19910 | Lair:6   | Reached skill level 1 in Air Magic
 19927 | Lair:6   | Killed a dire elephant
 19927 | Lair:6   | Reached skill level 5 in Ice Magic
 20225 | Lair:6   | Noticed a dire elephant
 20225 | Lair:6   | Noticed a dire elephant
 20260 | Lair:6   | Killed a dire elephant
 20279 | Lair:6   | Killed a dire elephant
 21194 | Lair:4   | Killed Cuollip's ghost
 21208 | Lair:4   | Got a smoking lead ring
 21212 | Lair:4   | Identified the cursed ring of the Final Chapter {rElec
                  | Str-3 SInv} (You found it on level 4 of the Lair of Beasts)
 22554 | D:13     | Found a gate to the Vaults.
 22554 | D:13     | Noticed an ironheart preserver
 22561 | D:13     | Killed an ironheart preserver
 22572 | D:13     | Received a gift from Sif Muna
 23182 | D:14     | Reached skill level 5 in Dodging
 23191 | D:14     | Noticed Frances
 23331 | D:14     | Found a transporter.
 23332 | D:14     | Found a bloodstained altar of Trog.
 23332 | D:14     | Noticed Nuhysch's ghost (journeyman GrEE)
 23340 | D:14     | Identified the +2 eveningstar of Forgiveness {antimagic,
                  | -Tele +Inv rElec rF++}
 23444 | D:14     | Identified the +6 demon trident of Sikeak {vorpal, Dex+5}
 23456 | D:14     | Found a transporter.
 23465 | D:14     | Reached XP level 15. HP: 77/84 MP: 23/32
 23992 | D:14     | Noticed a frost giant
 24239 | D:11     | Bought a glowing scarf for 232 gold pieces
 24283 | Orc:1    | Entered Level 1 of the Orcish Mines
 24677 | Orc:1    | Found a roughly hewn altar of Beogh.
 25134 | Orc:2    | Entered Level 2 of the Orcish Mines
 25143 | Orc:2    | Identified Quam's Compendium of Confrontation (Sif Muna
                  | gifted it to you on level 2 of the Orcish Mines)
 25143 | Orc:2    | Received a gift from Sif Muna
 25591 | Orc:2    | Found a staircase to the Elven Halls.
 25628 | Orc:2    | Found Kahuboett's Food Shop.
 25629 | Orc:2    | Found Pulyxtem's General Store.
 26292 | Orc:2    | Identified Sif Muna's Compendium of Icy Confrontation (Sif
                  | Muna gifted it to you on level 2 of the Orcish Mines)
 26292 | Orc:2    | Received a gift from Sif Muna
 26501 | Orc:2    | Found Plog's Antique Armour Emporium.
 26501 | Orc:2    | Found Votosuerch's Book Shoppe.
 26502 | Orc:2    | Found a one-way gate leading to the halls of Pandemonium.
 26504 | Orc:2    | Bought a shiny helmet for 202 gold pieces
 26745 | D:14     | Found the +8 glaive of the Guard {elec, +Rage AC+5 SInv}
 26881 | D:14     | Found a shattered altar of Ashenzari.
 26920 | D:14     | Killed Frances
 27037 | D:14     | Reached XP level 16. HP: 79/92 MP: 12/33
 27186 | D:14     | Found Wiynoetem's Food Boutique.
 27827 | D:14     | Killed Nuhysch's ghost
 27955 | D:14     | Got a transparent morningstar
 27966 | D:14     | Identified the cursed +2 morningstar of Conservatism
                  | {vorpal, *Corrode rC+ Dex+6} (You found it on level 14 of
                  | the Dungeon)
 28000 | D:15     | Entered Level 15 of the Dungeon
 28582 | D:15     | Noticed Roxanne
 28586 | D:15     | Killed Roxanne
 28643 | D:15     | Found a staircase to the Depths.
 29005 | D:15     | Identified Sif Muna's Witchery, Part Five (Sif Muna gifted
                  | it to you on level 15 of the Dungeon)
 29005 | D:15     | Received a gift from Sif Muna
 29339 | D:15     | Noticed Rupert
 29348 | D:15     | Killed Rupert
 29638 | Snake:1  | Entered Level 1 of the Snake Pit
 30043 | Snake:1  | Noticed Asterion
 30059 | Snake:1  | Killed Asterion
 30666 | Snake:2  | Noticed a nagaraja
 30673 | Snake:2  | Killed a nagaraja
 30991 | Snake:2  | Reached XP level 17. HP: 88/97 MP: 4/35
 31351 | Snake:3  | Reached skill level 16 in Earth Magic
 31352 | Snake:3  | Reached skill level 5 in Air Magic
 32151 | Snake:4  | Entered Level 4 of the Snake Pit
 32160 | Snake:4  | Received a gift from Sif Muna
 32660 | Snake:4  | Reached skill level 10 in Ice Magic
 33070 | Snake:4  | Noticed Agnes
 33076 | Snake:4  | Killed Agnes
 33336 | Snake:4  | Reached skill level 15 in Spellcasting
 33352 | Snake:4  | Reached skill level 15 in Conjurations
 33730 | Snake:4  | Reached XP level 18. HP: 59/105 MP: 31/37
 34827 | Snake:4  | Identified Sif Muna's Collected Works on Earth and Changing
                  | (Sif Muna gifted it to you on level 4 of the Snake Pit)
 34827 | Snake:4  | Received a gift from Sif Muna
 34842 | Snake:4  | Learned a level 6 spell: Iron Shot
 34850 | Snake:4  | Learned a level 7 spell: Summon Hydra
 35002 | Snake:4  | Learned a level 5 spell: Borgnjor's Vile Clutch
 35344 | Snake:4  | Got a serpentine rune of Zot
 35523 | Shoals:1 | Entered Level 1 of the Shoals
 36104 | Shoals:1 | Noticed Uttokecs's ghost (journeyman DrFE)
 36151 | Shoals:1 | Found a transporter.
 36196 | Shoals:1 | Found a transporter.
 36255 | Shoals:1 | Found Muen's General Store.
 37064 | Shoals:1 | Killed Uttokecs's ghost
 37064 | Shoals:1 | Reached skill level 17 in Earth Magic
 37270 | Shoals:2 | Reached skill level 10 in Fighting
 37270 | Shoals:2 | Reached skill level 10 in Invocations
 37300 | Shoals:2 | Found Hoetef's Antique Weapon Boutique.
 37303 | Shoals:2 | Found a frozen archway.
 37314 | IceCv    | Entered an ice cave
 38092 | IceCv    | Noticed an Ice Fiend
 38096 | IceCv    | Killed an Ice Fiend
 38096 | IceCv    | Identified Sif Muna's Incunabulum of Translocation and the
                  | Oath (Sif Muna gifted it to you in an ice cave)
 38096 | IceCv    | Received a gift from Sif Muna
 38127 | IceCv    | Got a pitted plate armour
 38539 | IceCv    | Reached XP level 19. HP: 61/112 MP: 10/38
 38895 | Shoals:2 | Identified the +6 plate armour of the Past {rC+} (You found
                  | it in an ice cave)
 38945 | Shoals:2 | Got a translucent scale mail
 38946 | Shoals:2 | Identified the +6 scale mail of Ruhem {MP+9 Dex+2} (You
                  | found it on level 2 of the Shoals)
 39010 | Shoals:2 | Noticed Polyphemus
 39020 | Shoals:2 | Killed Polyphemus
 40454 | Shoals:4 | Entered Level 4 of the Shoals
 40573 | Shoals:4 | Got a barnacled rune of Zot
 40610 | Shoals:4 | Identified Sif Muna's Compendium of Evil Secrets (Sif Muna
                  | gifted it to you on level 4 of the Shoals)
 40610 | Shoals:4 | Received a gift from Sif Muna
 40872 | Shoals:4 | Identified the cursed +1 leather armour of Discretion
                  | {rElec Int+4} (You found it on level 4 of the Shoals)
 42050 | Elf:1    | Entered Level 1 of the Elven Halls
 42290 | Elf:1    | Identified Dispater's Almanac of Summoning
 42447 | Elf:1    | Reached XP level 20. HP: 48/119 MP: 1/40
 42736 | Elf:1    | Reached skill level 18 in Earth Magic
 42983 | Elf:1    | Received a gift from Sif Muna
 42995 | Elf:1    | Learned a level 5 spell: Irradiate
 43179 | Elf:1    | Got an ichor-stained war axe
 43179 | Elf:1    | Identified the +6 war axe of Spores {antimagic, *Noise rC+
                  | MR++ Str+8} (You found it on level 1 of the Elven Halls)
 43610 | Elf:2    | Found a runed translucent gate.
 43611 | Elf:2    | Found a runed translucent gate.
 43613 | Elf:2    | Found a runed translucent gate.
 44149 | Elf:2    | Found a shimmering altar of Xom.
 45072 | Elf:3    | Entered Level 3 of the Elven Halls
 45365 | Elf:3    | Found Xyplul's Jewellery Shoppe.
 45368 | Elf:3    | Bought the ring of Kigeboj {rC++ MR+ MP+9 Int+7} for 997
                  | gold pieces
 45428 | Elf:3    | Received a gift from Sif Muna
 45659 | Elf:3    | Reached XP level 21. HP: 83/125 MP: 23/41
 45795 | Elf:3    | Identified the +4 ring mail "Olahaxt" {rF++ Str+3}
 45926 | Elf:3    | Reached skill level 19 in Earth Magic
 46048 | Elf:3    | Found the +2 pair of boots of the Assassin {Detection Stab+
                  | Stlth++}
 46102 | Elf:3    | Found the +2 Maxwell's thermic engine {flame, freeze}
 46137 | Elf:3    | Identified the amulet of the Imp {Gourm rElec MR+ Dex+4
                  | Stlth-} (You found it on level 3 of the Elven Halls)
 46420 | Elf:3    | Learned a level 9 spell: Shatter
 46420 | Elf:3    | Upgraded the game from 0.25-a0-447-gff83419037 to
                  | 0.25-a0-458-g6fc7858b95
 46420 | Elf:3    | Upgraded the game from 0.25-a0-458-g6fc7858b95 to
                  | 0.25-a0-479-g8579842fd4
 46619 | Vaults:1 | Entered Level 1 of the Vaults
 47069 | Vaults:1 | Reached skill level 1 in Evocations
 47073 | Vaults:1 | Identified Sif Muna's Collected Works on Damaging Heat (Sif
                  | Muna gifted it to you on level 1 of the Vaults)
 47073 | Vaults:1 | Received a gift from Sif Muna
 47988 | Vaults:1 | Found a burning altar of Makhleb.
 48296 | Vaults:1 | Identified the ring "Kitaunoo" {*Tele rC+ rN+ Int+5} (You
                  | found it on level 1 of the Vaults)
 48854 | Vaults:2 | Noticed Boris
 49086 | Vaults:2 | Killed Boris
 49086 | Vaults:2 | Blown up by Boris

Levels and vault maps discovered:
D:1:      wander_arrival_fairy_ring, layout_loops_ring, minmay_door_square,
          st_stairs_7, feat_on_display
D:2:      layout_loops_ring, cheibriados_altar_1, first_ration,
          minmay_pentomino_w2
D:3:      cheibrodos_pilgrimage, layout_loops_ring, good_gods_temple_1
D:4:      layout_cave_pools, gammafunk_ghost_necromancy
D:5:      layout_loops_ring, xom_teletrap_fun, lemuel_doored_altar,
          glass_columns_b
D:6:      layout_loops_cross, minmay_temple_entry_overgrown,
          sigmund_edmund_badplayer
D:7:      layout_loops_ring, lemuel_round_altar, kennysheep_little_box,
          minitemple
D:8:      layout_cave_pods, kiku_gazebo_pond_becter, minmay_lair_entry_grove,
          uniq_grum
D:9:      layout_loops_ring, ebering_ghost_funeral_grove, serial_shops,
          kennysheep_mini_moat
D:10:     layout_loops_ring
D:11:     layout_long_grid, orc_0_dummy, special_room [special_room_bee],
          serial_shops, nicolae_shop_behind_doors
D:12:     layout_rooms, hangedman_stone_soup
D:13:     layout_cave_pools, skrybe_vaults_entry_preservation
D:14:     minmay_guarded_unrand_guard, layout_irregular_city,
          gammafunk_ghost_wrathful_warriors, serial_shops,
          nicolae_shop_behind_doors, evilmike_ruin_ashenzari,
          minmay_pinched_square, uniq_frances
D:15:     hangedman_depths_entry_try_elsewhere_first, layout_basic,
          nrook_mini_vaults, uniq_roxanne, uniq_rupert
Temple:   dpeg_chambers_temple
Lair:1:   layout_long_grid, beast_lair_carwin_9, grunt_megastairs_4
Lair:2:   layout_cave_pods, chequers_serial_rivers_micro_c
Lair:3:   layout_long_grid, elwin_shoals_entry_rooms,
          guppyfry_snake_entry_island, hangedman_lair_generics_rect
Lair:4:   layout_loops_ring, basic_altar, gammafunk_ghost_hydra_chop,
          serial_forest, infiniplex_forest_lined_room_2,
          infiniplex_forest_clump_medium, infiniplex_forest_corner_1,
          infiniplex_forest_corner_1, infiniplex_forest_clump_small,
          infiniplex_forest_clump_tiny, infiniplex_forest_join,
          infiniplex_forest_end_3, infiniplex_forest_zigzag_1
Lair:5:   layout_regular_city, serial_bayou_lagoon_a
Lair:6:   due_jungle_book, layout_gridlike, minmay_slime_entry_jelly_boxes,
          serial_bayou_pond_d, minmay_lindwurm_lava
Shoals:1: layout_shoals, gammafunk_ghost_arena, serial_shops,
          nicolae_shop_window_shopping, hangedman_shoal_volcano
Shoals:2: layout_shoals, serial_shops, shop, portal_ice_cave_entry_pillars_1,
          nicolae_shoals_wave_tunnel, uniq_polyphemus
Shoals:3: layout_shoals
Shoals:4: shoals_end_grunt_ice, layout_shoals, abandoned_shop
Snake:1:  layout_cave_pods, special_room, uniq_asterion
Snake:2:  layout_misc_corridors
Snake:3:  layout_rooms
Snake:4:  grunt_snake_rune_spirals, layout_onion, uniq_agnes
Orc:1:    layout_diamond_mine, basic_altar
Orc:2:    pf_orc_diabolical, layout_caves
Elf:1:    eino_elf_arrival_customs, layout_loops_corners, minmay_elf_demonology,
          kennysheep_underground_church
Elf:2:    layout_loops_cross, basic_altar
Elf:3:    elf_hall, layout_onion_city, serial_shops, nicolae_shop_behind_doors,
          grunt_ministairs_9, st_stairs_11, minivault_4, minivault_26
Vaults:1: nicolae_vaults_circle_grid_b, v_pattern_5, v_rooms_4, v_misc_9,
          hangedman_vaults_corner, nicolae_vaults_yaktaur_gun_rack,
          ontoclasm_vaults_chip, vaults_room_octagon, vaults_room_glass_cross,
          v_misc_23, vaults_room_large_hall, layout_vaults_ring, basic_altar
Vaults:2: vaults_room_guarded_vault, v_misc_25, v_misc_13,
          minmay_crypt_entry_simple_sparse, nicolae_vaults_alarming,
          nicolae_vaults_specimen_jars, layout_vaults_omnigrid, serial_shops,
          shop_coins, uniq_xtahua, uniq_aizul, uniq_boris, uniq_donald

Skill      XL: |  1  2  3  4  5  6  7  8  9 10 11 12 13 14 15 16 17 18 19 20 21 |
---------------+----------------------------------------------------------------+-----
Earth Magic    | 4 5 6 7 9 11 12 14 15 16 17 18 19 | 19.6
Spellcasting   | 3 4 5 7 8 9 11 12 13 14 15 16 17 | 17.4
Conjurations   | 1 2 3 4 6 7 8 10 11 12 13 14 15 16 17 18 | 18.0
Shields        | 4 |  4.0
Fighting       | 2 4 6 7 8 9 10 11 | 11.7
Invocations    | 2 4 6 7 8 9 10 11 | 11.7
Ice Magic      | 2 4 6 8 9 10 11 12 | 12.5
Dodging        | 2 4 5 6 7 8 9 |  9.4
Air Magic      | 2 3 4 5 6 |  6.0
Evocations     | 2 |  2.7
Stealth        | |  2.1
Transmutations | |  0.7

Action                   |  1- 3 |  4- 6 |  7- 9 | 10-12 | 13-15 | 16-18 | 19-21 || total
-------------------------+-------+-------+-------+-------+-------+-------+-------++-------
Melee: Dagger            |    51 |   110 |   102 |       |     8 |       |       ||   271
       Club              |     2 |       |       |       |       |       |       ||     2
       Staff             |       |       |     1 |       |       |       |    14 ||    15
       Flail             |       |       |       |    73 |       |       |       ||    73
       Scimitar          |       |       |       |   130 |    69 |       |       ||   199
       War axe           |       |       |       |       |   231 |   499 |   509 ||  1239
Throw: Stone             |       |       |     1 |     4 |     2 |       |     1 ||     8
       Dart              |       |       |       |     5 |       |       |       ||     5
 Cast: Sandblast         |    17 |    42 |    12 |   142 |   242 |    31 |    16 ||   502
       Stone Arrow       |       |    14 |    49 |   132 |   141 |     9 |       ||   345
       Lee's Rapid Decon |       |       |    19 |    40 |   125 |    39 |    18 ||   241
       Freezing Cloud    |       |       |       |       |    45 |   134 |   118 ||   297
       Lehudib's Crystal |       |       |       |       |     1 |     5 |     3 ||     9
       Petrify           |       |       |       |       |     1 |       |       ||     1
       Borgnjor's Vile C |       |       |       |       |       |    35 |   104 ||   139
       Iron Shot         |       |       |       |       |       |    22 |    64 ||    86
       Irradiate         |       |       |       |       |       |       |     3 ||     3
Invok: Channel Magic     |       |       |       |       |     8 |     2 |     4 ||    14
       Forget Spell      |       |       |       |       |       |     1 |       ||     1
 Abil: Evoke Blink       |       |       |       |       |    16 |     2 |     1 ||    19
       Fly               |       |       |       |       |     1 |       |       ||     1
       Stop Flying       |       |       |       |       |     1 |       |       ||     1
Evoke: Wand              |       |       |       |     3 |    15 |       |       ||    18
       Lightning rod     |       |       |       |       |    10 |     1 |       ||    11
  Use: Scroll            |       |       |     3 |    10 |    17 |    10 |    16 ||    56
       Potion            |       |       |       |       |       |     5 |       ||     5
 Stab: Sleeping          |     6 |     3 |     1 |     1 |       |       |     2 ||    13
       Distracted        |       |       |       |       |       |     1 |     1 ||     2
  Eat: Chunk             |       |     9 |    14 |    30 |    47 |    29 |    57 ||   186
       Ration            |       |       |     1 |     1 |     7 |    15 |       ||    24
Armor: Robe              |    20 |    65 |    27 |    40 |       |       |       ||   152
       Leather armour    |       |       |       |   111 |   235 |   378 |   268 ||   992
Dodge: Dodged            |    32 |   120 |    73 |   184 |   293 |   537 |   387 ||  1626
Block: Other             |       |    30 |    34 |    25 |       |       |       ||    89
       Buckler           |       |       |       |   128 |   302 |   553 |   488 ||  1471
       Reflection        |       |       |       |    18 |    21 |    94 |    88 ||   221
       Rpst.: Scimitar   |       |       |       |    37 |    22 |       |       ||    59

Table legend:
 A = Non-vault XP
 B = Vault XP
 C = Vault XP percentage of total XP
 D = Non-vault monster count
 E = Vault monster count
 F = Vault count percentage of total count
                 A         B        C        D         E       F
            +---------+---------+-------+---------+---------+-------
      Total |  290373 |  292593 |  50.2 |     948 |     508 |  34.9
            +---------+---------+-------+---------+---------+-------
        D:1 |      32 |       1 |   3.0 |      22 |       1 |   4.3
        D:2 |     119 |       2 |   1.7 |      27 |       1 |   3.6
        D:3 |     176 |     137 |  43.8 |      22 |       6 |  21.4
        D:4 |     382 |     420 |  52.4 |      16 |       3 |  15.8
        D:5 |     613 |       0 |   0.0 |      23 |       0 |   0.0
        D:6 |     387 |     378 |  49.4 |       7 |       2 |  22.2
        D:7 |     675 |     345 |  33.8 |       6 |       3 |  33.3
        D:8 |    2052 |    1870 |  47.7 |      25 |      13 |  34.2
        D:9 |    1952 |    1271 |  39.4 |      26 |       5 |  16.1
       D:10 |     941 |       0 |   0.0 |      13 |       0 |   0.0
       D:11 |    1934 |    1784 |  48.0 |      26 |      25 |  49.0
       D:12 |    5913 |     498 |   7.8 |      37 |       4 |   9.8
       D:13 |   11529 |    2841 |  19.8 |      46 |       9 |  16.4
       D:14 |   10766 |   22187 |  67.3 |      44 |      37 |  45.7
       D:15 |   13371 |    7012 |  34.4 |      35 |       6 |  14.6
     Lair:1 |    3453 |    2421 |  41.2 |      18 |       7 |  28.0
     Lair:2 |    4316 |       0 |   0.0 |      18 |       0 |   0.0
     Lair:3 |    2029 |    4465 |  68.8 |      10 |      11 |  52.4
     Lair:4 |    4768 |    1902 |  28.5 |      13 |       2 |  13.3
     Lair:5 |    4654 |       0 |   0.0 |      21 |       0 |   0.0
     Lair:6 |   15442 |    6019 |  28.0 |      40 |      24 |  37.5
   Shoals:1 |   19574 |   12771 |  39.5 |      40 |      22 |  35.5
   Shoals:2 |   16166 |    8773 |  35.2 |      31 |      14 |  31.1
   Shoals:3 |   10684 |       0 |   0.0 |      23 |       0 |   0.0
   Shoals:4 |   15110 |   21614 |  58.9 |      33 |      36 |  52.2
    Snake:1 |    8446 |    2852 |  25.2 |      20 |       1 |   4.8
    Snake:2 |   14403 |       0 |   0.0 |      27 |       0 |   0.0
    Snake:3 |   13213 |    1931 |  12.8 |      28 |       1 |   3.4
    Snake:4 |   11222 |   57950 |  83.8 |      23 |      85 |  78.7
      Orc:1 |    2733 |       0 |   0.0 |      35 |       0 |   0.0
      Orc:2 |    2846 |   17323 |  85.9 |      38 |      57 |  60.0
      Elf:1 |   21590 |    9762 |  31.1 |      29 |      17 |  37.0
      Elf:2 |   24654 |   23431 |  48.7 |      40 |      28 |  41.2
      Elf:3 |   13117 |   48042 |  78.6 |      20 |      36 |  64.3
   Vaults:1 |   20597 |   20355 |  49.7 |      49 |      29 |  37.2
   Vaults:2 |   10514 |    5691 |  35.1 |      17 |       1 |   5.6
      IceCv |       0 |    8545 | 100.0 |       0 |      22 | 100.0
            +---------+---------+-------+---------+---------+-------
